 Dungeon Crawl Stone Soup version 0.26-a0-778-g3fe0686644 (webtiles) character file.

Game seed: 7095131946138986483

6946 thag the Grappler (level 10, -8/102 HPs)
             Began as a Troll Berserker on Nov 10, 2020.
             Was an Elder of Trog.
             Mangled by an orc warrior
             ... wielding a +0 hand axe
              (12 damage)
             ... on level 9 of the Dungeon on Nov 11, 2020.
             The game lasted 01:13:35 (8190 turns).

thag the Grappler (Troll Berserker)                 Turns: 8190, Time: 01:13:38

Health: -8/102     AC: 12    Str: 28    XL:     10   Next: 80%
Magic:  9/9        EV: 12    Int:  1    God:    Trog [****..]
Gold:   341        SH:  0    Dex: 11    Spells: 9/9 levels left

rFire    . . .     SeeInvis .     - Unarmed
rCold    . . .     Faith    .   (no shield)
rNeg     . . .     Spirit   .   I - +0 swamp dragon scales
rPois    +         Reflect  .   (helmet restricted)
rElec    .         Harm     .   J - +0 cloak
rCorr    .         Rampage  .   (gloves unavailable)
MR       ++...                  (boots unavailable)
Stlth    +.........             (no amulet)
HPRegen  1.67/turn              (no ring)
MPRegen  0.11/turn              (no ring)

@: mighty, berserk cooldown, regenerating, slowed, very slow
A: large, unfitting armour, claws 3, blurry vision 1, dopey 1, poison
resistance, regeneration 1, shaggy fur 1, tough skin 3, subdued magic 1
a: Berserk, Trog's Hand, Brothers in Arms, Renounce Religion


You were on level 9 of the Dungeon.
You worshipped Trog.
Trog was greatly pleased with you.
You visited 2 branches of the dungeon, and saw 10 of its levels.
You visited the Abyss 1 time.

You collected 542 gold pieces.
You spent 201 gold pieces at shops.

Inventory:

Hand Weapons
 q - the +5 dagger "Reujuril" {vorpal, rPois rF+ Dex+2}
   (You took it off an orc on level 3 of the Dungeon)

   It inflicts extra damage upon your enemies.
   It affects your dexterity (+2).
   It protects you from fire.
   It protects you from poison.
 H - a +2 halberd of draining
 L - a +3 quarterstaff of chaos
Missiles
 c - 279 stones (quivered)
 D - 15 boomerangs
Armour
 a - a +0 animal skin
 g - a +0 robe
 s - a scarf of repulsion
 v - a +0 robe of positive energy
 I - +0 swamp dragon scales (worn)
 J - a +0 cloak (worn)
 M - a +0 cloak
Jewellery
 d - a cursed -4 ring of dexterity {unknown}
 l - an uncursed ring of protection from fire {unknown}
 p - an uncursed ring of protection from cold {unknown}
 r - a cursed amulet of inaccuracy {unknown}
 x - an uncursed amulet of magic regeneration {unknown}
 y - an uncursed amulet of magic regeneration {unknown}
 A - a +4 ring of slaying {unknown}
 F - an uncursed amulet of magic regeneration {unknown}
Wands
 o - a wand of digging (18)
 w - a wand of flame (18)
 C - a wand of acid (5)
 O - a wand of paralysis (3)
Scrolls
 e - 3 scrolls of magic mapping
 f - 2 scrolls of enchant armour
 h - 3 scrolls of amnesia {unknown}
 i - 11 scrolls of identify
 k - 2 scrolls of fear {unknown}
 m - 8 scrolls of remove curse
 n - a scroll of noise {unknown}
 t - 5 scrolls of teleportation
 N - a scroll of silence {unknown}
 P - a scroll of fog {unknown}
Potions
 b - a potion of brilliance
 j - 2 potions of curing
 u - 3 potions of might
 B - a potion of degeneration


   Skills:
 + Level 7.4 Fighting
 - Level 7.1 Throwing
 + Level 2.0 Armour
 + Level 7.4 Dodging
 + Level 8.9 Unarmed Combat


You had 9 spell levels left.
You didn't know any spells.
Your spell library contained the following spells:

 Spells                   Type           Power        Failure   Level
 Beastly Appendage        Tmut           #.....       67%         1
 Freeze                   Ice            #...         67%         1
 Shock                    Conj/Air       #...         67%         1
 Swiftness                Air            #.......     80%         2
 Wereblood                Tmut           #.......     80%         2
 Frozen Ramparts          Ice            #.....       96%         3
 Ozocubu's Armour         Ice            #.......     96%         3
 Spider Form              Tmut/Pois      #.........   96%         3
 Static Discharge         Conj/Air       #.......     96%         3
 Airstrike                Air            #.........   100%        4
 Hailstorm                Conj/Ice       #.......     100%        4
 Ice Form                 Ice/Tmut       #.......     100%        4
 Summon Ice Beast         Ice/Summ       #.......     100%        4
 Blade Hands              Tmut           #.........   100%        5
 Lightning Bolt           Conj/Air       #.........   100%        5


Dungeon Overview and Level Annotations

Branches:
Dungeon (9/15)             Temple (1/1) D:6
   Lair: D:8-11         Orc: D:9-12

Altars:
Ashenzari
Cheibriados
Dithmenos
Elyvilon
Fedhas
Gozag
Hepliaklqana
Kikubaaqudgha
Makhleb
Nemelex Xobeh
Okawaru
Qazlal
Ru
Sif Muna
Trog
Uskayaw
Vehumet
Wu Jian
Xom
Yredelemnul
Zin
The Shining One
Beogh

Shops:
D:5 ?

Annotations:
D:5 left-large room shop


Innate Abilities, Weirdness & Mutations

You are too large for most types of armour.
You have claws for hands.
Your natural rate of healing is unusually fast.
You are covered in fur. (AC +1)
You have extremely tough skin. (AC +3)
Scrolls take you a little longer to read.
You are dopey. (Int -2)
Your system is resistant to poisons. (rPois)
Your spells are a little easier to cast, but a little less powerful.


Message History

The troll claws you.
* * * LOW HITPOINT WARNING * * *
The troll claws you.
* * * LOW HITPOINT WARNING * * *
The orc priest mumbles some strange prayers to Beogh against you.
Beogh smites you!
* * * LOW HITPOINT WARNING * * *
The troll barely misses you. The troll claws you but does no damage.
The troll closely misses you. The troll bites you but does no damage.
The troll claws you!
* * * LOW HITPOINT WARNING * * *
The troll claws you but does no damage.
You feel very mighty all of a sudden.
The orc priest miscasts a cantrip.
The troll bites you.
* * * LOW HITPOINT WARNING * * *
The troll closely misses you. The troll claws you.
* * * LOW HITPOINT WARNING * * *
The orc warrior hits you with a +0 hand axe!
You die...

#.[...##.....##
#.....#.......#..
#.....#o......#..
#....l...._.....
#####o#.......#.. ##
#)#......)#.# .#...
#######.##.....##.#
....
........####l####.#
#...
######..oT@.......####
#...
#.(.o##.#.......####.#
#######...#...#.......
###.............
#.............
#...)†........
#.#..(##)#....
#....((#.##..#
####.###.##...


You could see a troll, an orc warrior, an orc priest and a leopard gecko.

Vanquished Creatures
  A two-headed ogre (D:8)
  Pikel (Temple)
  A gargoyle (D:8)
  Maggie (D:7)
  Sigmund (D:5)
  A wraith (D:9)
  3 yaks (D:9)
  Eustachio (D:5)
  2 wyverns (D:9)
  Menkaure (D:5)
  2 water moccasins (D:9)
  2 ice beasts
  4 orc warriors
  A phantom (D:4)
  4 sky beasts
  3 ogres
  The ghost of tinescath the Skirmisher, an amateur FoFi (D:3)
  4 centaurs
  Blork the orc (D:5)
  A big kobold (D:7)
  4 bullfrogs (D:6)
  5 scorpions
  5 killer bees (D:7)
  3 howler monkeys
  A bullfrog zombie (D:8)
  A jelly (D:8)
  A bullfrog skeleton (D:8)
  4 orc priests
  Crazy Yiuf (D:7)
  2 centaur skeletons
  6 hounds
  6 orc wizards
  2 iguanas
  6 worker ants
  A worker ant zombie (D:8)
  15 adders
  3 howler monkey skeletons
  A white imp (D:5)
  2 ufetubi
  2 adder skeletons (D:7)
  3 worms (D:2)
  2 dart slugs (D:1)
  5 leopard geckos
  36 orcs
  2 ball pythons
  9 bats
  4 giant cockroaches
  8 goblins
  7 hobgoblins
  4 jackals
  8 kobolds
  2 quokkas
  5 frilled lizards
  2 leopard gecko zombies
  3 quokka skeletons
  8 rats
  A bush (Temple)
216 creatures vanquished.

Vanquished Creatures (others)
  An orc (D:8)
  A bush (D:9)
  2 fungi (D:9)
  18 plants (D:9)
22 creatures vanquished.

Grand Total: 238 creatures vanquished

Notes
Turn   | Place    | Note
-------+----------+-------------------------------------------
     0 | D:1      | thag the Troll Berserker began the quest for the Orb.
     0 | D:1      | Reached XP level 1. HP: 22/22 MP: 0/0
   266 | D:1      | Reached XP level 2. HP: 29/29 MP: 1/1
   687 | D:1      | Reached skill level 1 in Throwing
   899 | D:2      | Reached XP level 3. HP: 29/36 MP: 2/2
  1011 | D:2      | Reached ** piety under Trog
  1055 | D:2      | Reached XP level 4. HP: 33/44 MP: 3/3
  1931 | D:3      | Found a runed translucent gate.
  1931 | D:3      | Noticed tinescath's ghost (amateur FoFi)
  1932 | D:3      | Found a runed translucent gate.
  1933 | D:3      | Found a runed translucent gate.
  1934 | D:3      | Identified the +5 dagger "Reujuril" {vorpal, rPois rF+
                  | Dex+2}
  1934 | D:3      | Identified the +2 leather armour of Defence {rElec MR++
                  | rCorr Dex-4}
  1944 | D:3      | Found a roughly hewn altar of Beogh.
  2163 | D:3      | Noticed a centaur
  2174 | D:3      | Killed a centaur
  2174 | D:3      | Reached skill level 4 in Unarmed Combat
  2174 | D:3      | Reached XP level 5. HP: 40/53 MP: 4/4
  2458 | D:3      | Killed tinescath's ghost
  2458 | D:3      | Reached XP level 6. HP: 61/61 MP: 5/5
  3001 | D:4      | Found a hide-covered altar of Uskayaw.
  3001 | D:4      | Found a stormy altar of Qazlal.
  3008 | D:4      | Found a burning altar of Makhleb.
  3014 | D:4      | Found a broken altar of Ashenzari.
  3017 | D:4      | Found a sacrificial altar of Ru.
  3094 | D:4      | Reached XP level 7. HP: 67/68 MP: 6/6
  3229 | D:5      | Entered Level 5 of the Dungeon
  3244 | D:5      | Noticed Eustachio
  3270 | D:5      | Killed Eustachio
  3313 | D:5      | Noticed Blork the orc
  3321 | D:5      | Killed Blork the orc
  3321 | D:5      | Reached skill level 5 in Unarmed Combat
  3354 | D:5      | Reached *** piety under Trog
  3430 | D:5      | Found Bosusuza's Magic Scroll Boutique.
  3510 | D:5      | Cast into level 1 of the Abyss (orc)
  3521 | D:5      | Escaped the Abyss
  3527 | D:5      | Noticed Menkaure
  3554 | D:5      | Killed Menkaure
  3582 | D:5      | Noticed Sigmund
  3608 | D:5      | Killed Sigmund
  3608 | D:5      | Reached XP level 8. HP: 79/79 MP: 7/7
  4350 | D:6      | Reached skill level 5 in Fighting
  4350 | D:6      | Reached skill level 5 in Dodging
  4350 | D:6      | Reached skill level 6 in Unarmed Combat
  4581 | D:6      | Found a white marble altar of Elyvilon.
  4640 | D:6      | Found a staircase to the Ecumenical Temple.
  4706 | Temple   | Entered the Ecumenical Temple
  4973 | D:6      | Noticed Pikel
  4992 | Temple   | Killed Pikel
  4992 | Temple   | Reached skill level 5 in Throwing
  4992 | Temple   | Reached XP level 9. HP: 88/88 MP: 8/8
  5060 | D:6      | You fall into a shaft and drop 2 floors!
  5064 | D:8      | Noticed a gargoyle
  5073 | D:8      | Killed a gargoyle
  5074 | D:8      | Reached skill level 7 in Unarmed Combat
  5929 | D:7      | Reached **** piety under Trog
  6052 | D:7      | Noticed Maggie
  6066 | D:7      | Killed Maggie
  6366 | D:7      | Found a runed translucent door.
  6366 | D:7      | Noticed Crazy Yiuf
  6373 | D:7      | Killed Crazy Yiuf
  6477 | D:7      | Reached XP level 10. HP: 100/100 MP: 9/9
  6696 | D:8      | Reached skill level 8 in Unarmed Combat
  7140 | D:8      | Lost intelligence.
  7140 | D:8      | Gained mutation: You are dopey. (Int -2) [potion of
                  | mutation]
  7140 | D:8      | Gained mutation: Your spells are a little easier to cast,
                  | but a little less powerful. [potion of mutation]
  7140 | D:8      | Gained mutation: Scrolls take you a little longer to read.
                  | [potion of mutation]
  7140 | D:8      | Gained mutation: Your system is resistant to poisons.
                  | (rPois) [potion of mutation]
  7700 | D:5      | Bought a scroll of teleportation for 39 gold pieces
  7700 | D:5      | Bought a scroll of remove curse for 39 gold pieces
  7700 | D:5      | Bought a scroll of identify for 26 gold pieces
  7700 | D:5      | Bought a scroll of enchant armour for 97 gold pieces
  7845 | D:9      | Noticed a two-headed ogre
  7862 | D:8      | Killed a two-headed ogre
  8049 | D:9      | Reached skill level 1 in Armour
  8106 | D:9      | Found a snail-covered altar of Cheibriados.
  8190 | D:9      | HP: 4/102 [troll (4)]
  8190 | D:9      | Mangled by an orc warrior

Illustrated notes

Levels and vault maps discovered:
D:1:      psy_arrival_basics, layout_loops_corners
D:2:      minmay_alternating_diamond, layout_rooms, serial_curves,
          eino_curves_04, eino_curves_03, minmay_door_square
D:3:      layout_loops_corners, biasface_ghost_orc_armoury
D:4:      kennysheep_six_static_rooms, layout_rooms,
          chequers_temple_overflow_minitemple
D:5:      layout_basic, serial_shops, nicolae_shop_crystal,
          minmay_misc_feat_enclosed, uniq_eustachio, uniq_sigmund,
          uniq_blork_the_orc, uniq_menkaure
D:6:      layout_loops_corners, elyvilon_altar_1,
          minmay_temple_entry_junction_2, feat_on_display, uniq_pikel
D:7:      layout_rooms, uniq_maggie, uniq_crazy_yiuf_cottage
D:8:      layout_rooms
D:9:      layout_loops_cross, old_standard_altar, minmay_lair_entry_grove,
          erik_orc_2, kb_lookout_dungeons_type
Temple:   regret_index_temple_generic_petals

Skill      XL: |  1  2  3  4  5  6  7  8  9 10 |
---------------+-------------------------------+-----
Throwing       | 1 2 3 4 5 6 7 |  7.1
Fighting       | 3 4 5 6 7 |  7.4
Dodging        | 3 4 5 6 7 |  7.4
Unarmed Combat | 4 5 6 7 8 |  8.9
Armour         | 2 |  2.0

Action                   |  1- 3 |  4- 6 |  7- 9 | 10-12 || total
-------------------------+-------+-------+-------+-------++-------
Melee: Unarmed           |    75 |   141 |   288 |   162 ||   666
       Punch             |     4 |     1 |    12 |    10 ||    27
Invok: Berserk           |       |     1 |     5 |     3 ||     9
       Trog's Hand       |       |     1 |     5 |     4 ||    10
  Use: Scroll            |       |       |     2 |       ||     2
       Potion            |       |       |       |    11 ||    11
 Stab: Sleeping          |       |     1 |     1 |       ||     2
       Distracted        |       |       |     1 |       ||     1
Armor: Animal skin       |    10 |       |       |       ||    10
       Robe              |    17 |    39 |    54 |       ||   110
       Swamp dragon scal |       |       |     9 |    83 ||    92
Dodge: Dodged            |    46 |    76 |   147 |   143 ||   412

Table legend: (Time is in decaauts)
 A = Elapsed time spent in this place.
 B = Non-inter-level travel time spent in this place.
 C = Inter-level travel time spent in this place.
 D = Time resting spent in this place.
 E = Time spent auto-exploring this place.
 F = Levels seen in this place.
 G = Mean time per level.
                   A        B        C        D        E       F      G
               +--------+--------+--------+--------+--------+-----+--------+
         Total |   8656 |   8656 |      0 |   1190 |   4711 |  11 |  786.9 |
       Dungeon |   8376 |   8376 |      0 |   1190 |   4518 |   9 |  930.7 |
        Temple |    269 |    269 |      0 |      0 |    193 |   1 |  269.0 |
         Abyss |     10 |     10 |      0 |      0 |      0 |   1 |   10.0 |
               +--------+--------+--------+--------+--------+-----+--------+

Top non-repeatable levels by time:
     D:8: 1369 daAuts
     D:6: 1349 daAuts
     D:5: 1223 daAuts
     D:3: 1021 daAuts
     D:1: 892 daAuts
     D:7: 859 daAuts
     D:2: 706 daAuts
     D:4: 606 daAuts
     D:9: 347 daAuts
  Temple: 269 daAuts
 Abyss:1: 10 daAuts
